 Dungeon Crawl Stone Soup version 0.29.1-15-g9cfb28693d (webtiles) character file.

Game seed: 9714251459835474301

1360 Hugehornet the Cleaver (level 8, 0/46 HPs)
             Began as a Gargoyle Fighter on Mar 22, 2023.
             Slain by an ice beast (14 damage)
             ... on level 6 of the Dungeon.
             The game lasted 00:10:02 (5188 turns).

Hugehornet the Cleaver (Gargoyle Fighter)           Turns: 5188, Time: 00:10:02

Health: 0/46       AC: 17    Str: 20    XL:     8   Next: 64%
Magic:  7/7        EV:  7    Int: 11    God:
Gold:   364        SH:  0    Dex: 15    Spells: 7/7 levels left

rFire   . . .      SeeInvis .   q - +2 hand axe (elec)
rCold   . . .      Faith    .   (no shield)
rNeg    + . .      Spirit   .   h - +0 chain mail
rPois   ∞          Reflect  .   d - +0 helmet
rElec   +          Harm     .   (no cloak)
rCorr   .          Rampage  .   (no gloves)
Will    .....                   (no boots)
Stlth   ..........              (no amulet)
HPRegen 0.15/turn               y - +6 ring of dexterity
MPRegen 0.10/turn               (no ring)

@: no status effects
A: sickness immunity, AC +5, negative energy resistance 1, electricity
resistance, torment resistance 1, petrification resistance, iridescent scales 1,
low MP 1
a: no special abilities


You were on level 6 of the Dungeon.
You visited 1 branch of the dungeon, and saw 6 of its levels.

You collected 364 gold pieces.

Inventory:

Hand Weapons
 a - a +0 war axe
 o - a +3 vorpal scythe
 q - a +2 hand axe of electrocution (weapon)
Armour
 b - a +0 scale mail
 c - a +0 buckler
 d - a +0 helmet (worn)
 h - a +0 chain mail (worn)
Jewellery
 u - the ring of Niumy {Ice *Slow rElec Int-3 Dex+4}
   (You found it on level 4 of the Dungeon)

   [ring of ice]

   It enhances your ice magic.
   Int:       It affects your intelligence (-3).
   Dex:       It affects your dexterity (+4).
   rF:        It makes you vulnerable to fire.
   rC:        It protects you from cold.
   rElec:     It insulates you from electricity.
   *Slow:     It may slow you when you take damage.
 x - an amulet of faith
 y - a +6 ring of dexterity (left hand)
Wands
 s - a wand of iceblast (11)
 t - a wand of paralysis (9)
Scrolls
 f - a scroll of brand weapon {unknown}
 g - 5 scrolls of teleportation {unknown}
 i - 2 scrolls of vulnerability
 k - 3 scrolls of immolation {unknown}
 m - a scroll of acquirement {unknown}
 v - a scroll of noise {unknown}
 w - a scroll of fear {unknown}
Potions
 e - 3 potions of lignification
 j - a potion of invisibility
 l - 2 potions of magic
 n - a potion of resistance {unknown}
 p - a potion of attraction {unknown}
 r - a potion of curing {unknown}
 z - a potion of flight {unknown}
 A - a potion of degeneration {unknown}


   Skills:
 - Level 3.3 Fighting
 * Level 9.1(9.3) Axes
 - Level 2.7(6.4) Polearms
 - Level 3.3 Armour
 - Level 3.3 Shields


You had 7 spell levels left.
You didn't know any spells.
Your spell library contained the following spells:

 Spells                   Type           Power      Damage    Failure   Level
 Apportation              Tloc           0%         N/A       98%         1
 Foxfire                  Conj/Fire      0%         2x1d4     98%         1
 Necrotise                Necr           0%         1d4       98%         1
 Sandblast                Erth           0%         2d4       98%         1
 Summon Small Mammal      Summ           0%         N/A       98%         1
 Passwall                 Tmut/Erth      0%         N/A       99%         2
 Conjure Flame            Conj/Fire      0%         6-21      100%        3
 Inner Flame              Hex/Fire       0%         N/A       100%        3
 Ozocubu's Armour         Ice            0%         N/A       100%        3
 Stone Arrow              Conj/Erth      0%         3d7       100%        3
 Corpse Rot               Necr/Pois/Air  0%         N/A       100%        4
 Dispel Undead            Necr           0%         3d6       100%        4
 Flame Wave               Conj/Fire      0%         2d4       100%        4
 Metabolic Englaciation   Hex/Ice        0%         N/A       100%        5
 Death Channel            Necr           0%         N/A       100%        6
 Simulacrum               Ice/Necr       0%         N/A       100%        6


Dungeon Overview and Level Annotations

Branches:
Dungeon (6/15)
 Temple: D:4-7

Altars:
Fedhas
Gozag
Yredelemnul


Innate Abilities, Weirdness & Mutations

You are immune to sickness and miasma.
Your stone body is resilient. (AC +5)
You are immune to poison.
You resist negative energy. (rN+)
You are resistant to electric shocks. (rElec)
You are resistant to unholy torment.
You are immune to petrification.
You are partially covered in iridescent scales. (AC +2)
Your magical capacity is low. (-10% MP)


Message History

The hound barely misses you. The hound bites you but does no damage.
You hit the hound but do no damage.
The hound is almost dead.
The hound bites you but does no damage.
You hit the hound.
You kill the hound!
An ice beast and a centaur come into view.
The centaur shouts!
The centaur wields a +0 shortbow.
The centaur shoots an arrow.
The arrow hits you.
There is a stone staircase leading up here.
You slash the adder! Lightning courses through the adder!
You kill the adder!
The centaur shoots an arrow.
The arrow hits you.
The centaur shoots an arrow.
The arrow hits you!
You barely miss the ice beast.
The ice beast hits you but does no damage.
You closely miss the centaur. You slash the ice beast!
The centaur unwields a +0 shortbow.
The centaur completely misses you.
The centaur kicks you but does no damage.
You slash the ice beast!
The ice beast is heavily wounded.
You closely miss the centaur. The ice beast hits you.
The ice beast freezes you!
The centaur hits you but does no damage.
The centaur barely misses you.
You are too injured to fight recklessly!
You are too injured to fight recklessly!
You are too injured to fight recklessly!
You closely miss the ice beast.
The ice beast is heavily wounded.
You hit the centaur. Lightning courses through the centaur!
The centaur closely misses you.
The centaur kicks you but does no damage.
The ice beast hits you but does no damage.
You closely miss the ice beast.
The ice beast is heavily wounded.
You hit the centaur. The centaur closely misses you. The centaur kicks you.
The ice beast hits you. The ice beast freezes you!
You die...

##############
.............#
.............#
.............#
......c.....)#
......Y@.....#
.........<.†.#
.............#
###.###..........
# #......##.#
######## #


You could see an ice beast and a centaur.

Vanquished Creatures
  Sigmund (D:2)
  A water moccasin (D:5)
  An ogre (D:5)
  3 black bears
  The ghost of gargbit the Shooter, an amateur DsHu (D:3)
  A centaur (D:5)
  A phantom (D:4)
  A bullfrog (D:4)
  2 scorpions (D:5)
  A jelly (D:5)
  3 hounds
  2 orc wizards
  5 adders
  A shadow imp (D:5)
  A white imp (D:5)
  An ufetubus (D:5)
  A dart slug (D:4)
  2 worms
  14 orcs
  5 ball pythons
  An endoplasm (D:2)
  5 giant cockroaches
  7 goblins
  6 hobgoblins
  4 kobolds
  6 quokkas
  5 bats
  4 frilled lizards
  3 rats
  A spectral orc (D:3)
90 creatures vanquished.

Notes
Turn   | Place    | Note
-------+----------+-------------------------------------------
     0 | D:1      | Hugehornet the Gargoyle Fighter began the quest for the
                  | Orb.
     0 | D:1      | Reached XP level 1. HP: 14/14 MP: 1/1
    36 | D:1      | Reached skill level 2 in Axes
   111 | D:1      | You fall into a shaft and drop 1 floor!
   133 | D:1      | Reached XP level 2. HP: 18/19 MP: 2/2
   822 | D:2      | Reached skill level 3 in Axes
   822 | D:2      | Reached XP level 3. HP: 20/23 MP: 3/3
  1081 | D:2      | Noticed Sigmund
  1090 | D:2      | Killed Sigmund
  1091 | D:2      | Reached skill level 5 in Axes
  1091 | D:2      | Reached XP level 4. HP: 19/28 MP: 4/4
  1091 | D:2      | Reached XP level 5. HP: 22/32 MP: 5/5
  1827 | D:3      | Reached XP level 6. HP: 37/37 MP: 6/6
  2205 | D:3      | Reached skill level 1 in Polearms
  2338 | D:3      | Found a runed translucent gate.
  2339 | D:3      | Found a runed translucent gate.
  2339 | D:3      | Found an opulent altar of Gozag.
  2340 | D:3      | Found a runed translucent gate.
  2342 | D:3      | Noticed gargbit's ghost (amateur DsHu)
  2384 | D:3      | Found a basalt altar of Yredelemnul.
  2736 | D:3      | Killed gargbit's ghost
  3255 | D:4      | Reached skill level 6 in Axes
  3255 | D:4      | Reached XP level 7. HP: 40/41 MP: 7/7
  3286 | D:4      | Gained mutation: Your magical capacity is low. (-10% MP)
                  | [potion of mutation]
  3286 | D:4      | Gained mutation: You are partially covered in iridescent
                  | scales. (AC +2) [potion of mutation]
  3348 | D:4      | Identified the ring of Niumy {Ice *Slow rElec Int-3 Dex+4}
  3459 | D:4      | Found a blossoming altar of Fedhas.
  4194 | D:5      | Entered Level 5 of the Dungeon
  4245 | D:5      | Reached skill level 7 in Axes
  4398 | D:5      | Reached XP level 8. HP: 39/46 MP: 7/7
  4467 | D:5      | Reached skill level 8 in Axes
  4830 | D:5      | Reached skill level 9 in Axes
  5188 | D:6      | Slain by an ice beast

Illustrated notes

Levels and vault maps discovered:
D:1:      ebering_hopf_link, layout_loops_ring, minmay_misc_feat_doors,
          minmay_misc_feat_pillars
D:2:      layout_basic, uniq_sigmund
D:3:      layout_basic, yredelemnul_forgotten_temple_becter,
          ebering_ghost_gozag, corexii_leaking_fountain
D:4:      layout_layer_cave, fedhas_ov_isle_minmay
D:5:      layout_gridville, chequers_serial_rivers_small_b,
          corexii_item_surrounded_by_moat
D:6:      layout_rooms, slow_altar_1, lightli_ossuary_entry_decrepit_ruins,
          uniq_edmund, uniq_grinder, uniq_duvessa

Skill      XL: |  1  2  3  4  5  6  7  8 |
---------------+-------------------------+-----
Axes           | 2 3 5 6 7 9 |  9.1
Polearms       | 2 |  2.7
Fighting       | |  3.3
Armour         | |  3.3
Shields        | |  3.3

Action                   |  1- 3 |  4- 6 |  7- 9 || total
-------------------------+-------+-------+-------++-------
Melee: War axe           |    91 |    83 |       ||   174
       Hand axe          |       |    36 |    93 ||   129
       Halberd           |       |    10 |       ||    10
  Use: Potion            |     1 |     1 |     2 ||     4
       Scroll            |       |     3 |     2 ||     5
 Stab: Invisible         |       |       |     1 ||     1
Armor: Scale mail        |    14 |       |       ||    14
       Chain mail        |    59 |   107 |    73 ||   239
Dodge: Dodged            |    49 |    52 |    48 ||   149
Block: Buckler           |    20 |    16 |       ||    36
